 Dungeon Crawl Stone Soup version 0.23.1 (webtiles) character file.

Game seed: 10306949158774719429

592 myga the Slasher (level 7, -4/55 HPs)
             Began as a Human Chaos Knight on Mar 19, 2019.
             Was a Plaything of Xom.
             Slain by an iguana (15 damage)
             ... on level 5 of the Dungeon.
             The game lasted 00:23:32 (4090 turns).

myga the Slasher (Human Chaos Knight)               Turns: 4090, Time: 00:23:34

Health: -4/55      AC: 11    Str: 14    XL:     7   Next: 66%
Magic:  7/7        EV:  7    Int: 12    God:    Xom [...*..]
Gold:   254        SH:  0    Dex: 13    Spells: 6/6 levels left

rFire    . . .     SeeInvis .   a - +1 falchion (chaos)
rCold    . . .     Gourm    .   (no shield)
rNeg     . . .     Faith    .   o - +1 chain mail
rPois    .         Spirit   .   s - +0 helmet
rElec    .         Reflect  .   k - +0 cloak
rCorr    .         Harm     .   u - -2 pair of gloves (curse)
MR       .....                  (no boots)
Stlth    ..........             (no amulet)
HPRegen  0.18/turn              h - ring of stealth
MPRegen  0.10/turn              (no ring)

@: no status effects
A: no striking features
a: Renounce Religion


You were on level 5 of the Dungeon.
You worshipped Xom.
You were a favourite toy of Xom.
You were not hungry.

You visited 1 branch of the dungeon, and saw 5 of its levels.

You collected 254 gold pieces.

Inventory:

Hand Weapons
 a - a +1 falchion of chaos (weapon)
Missiles
 i - 144 stones
 l - 6 javelins (quivered)
Armour
 b - a +2 leather armour
 d - a +1 scale mail of cold resistance
 k - a +0 cloak (worn)
 m - a +2 pair of gloves
 o - a +1 chain mail (worn)
 s - a +0 helmet (worn)
 u - a cursed -2 pair of gloves (worn)
Jewellery
 h - a ring of stealth (left hand)
Wands
 v - a wand of acid (3)
Scrolls
 e - a scroll of teleportation
Potions
 p - a potion of curing
 r - a potion of brilliance {unknown}
 t - 2 potions of mutation {unknown}
 z - a potion of haste {unknown}
Comestibles
 c - 9 rations
 f - 4 chunks of flesh


   Skills:
 + Level 4.3 Fighting
 + Level 5.9 Long Blades
 + Level 0.9 Throwing
 + Level 3.8 Armour
 + Level 2.4 Dodging
 + Level 1.9 Stealth


You had 6 spell levels left.
You didn't know any spells.
Your spell library was empty.

Dungeon Overview and Level Annotations

Branches:
Dungeon (5/15)
 Temple: D:4-7

Altars:
Cheibriados
Kikubaaqudgha
Beogh

Shops:
D:4 (

Annotations:
D:4 Sassenached's ghost, amateur DsWn


Message History

The jelly quivers.
The centaur wields a +0 shortbow.
The centaur shoots an arrow.
The arrow hits you but does no damage.
There is an open door here.
The iguana barely misses you.
The centaur shoots an arrow.
The arrow hits you but does no damage.
You see here an arrow.
The iguana bites you but does no damage.
The iguana bites you!
* * * LOW HITPOINT WARNING * * *
There is an open door, spattered with blood here.
You hit the iguana.
The iguana is moderately wounded.
The iguana bites you but does no damage. x2
You barely miss the iguana.
The iguana is moderately wounded.
The iguana bites you but does no damage.
The iguana bites you!
You die...
Xom howls with laughter!

.##...##............
.................##..
.................# ###
.........)........
.##...##...##.....
.###'###...##....#
...........##....#
.................#
.....(..........@#
................l#
.##.####.(.#####J# #
.##.####.(.###.c(##..##
..)..#......('........#
.....#......(#........#
.....#...!.(.#........#
.....#.......#........#
.....#.......#........#


You could see a centaur, an iguana (berserk) and a jelly.

Vanquished Creatures
  2 ogres
  A scorpion (D:4)
  A jelly (D:5)
  An orc priest (D:3)
  A hound (D:4)
  2 worker ants
  Terence (D:3)
  Robin (D:2)
  3 gnolls (D:4)
  6 adders
  A shadow imp (D:5)
  An adder skeleton (D:4)
  A worm (D:3)
  3 dart slugs
  2 leopard geckos
  7 orcs
  3 ball pythons
  13 bats
  9 giant cockroaches
  16 goblins
  7 hobgoblins
  3 jackals (D:1)
  5 kobolds
  3 quokkas
  4 frilled lizards
  10 rats
107 creatures vanquished.

Notes
Turn   | Place    | Note
-------+----------+-------------------------------------------
     0 | D:1      | myga the Human Chaos Knight began the quest for the Orb.
     0 | D:1      | Reached XP level 1. HP: 18/18 MP: 1/1
    22 | D:1      | Reached XP level 2. HP: 18/24 MP: 2/2
   278 | D:1      | Reached XP level 3. HP: 21/29 MP: 3/3
   757 | D:2      | XOM: enchant monster (bad)
   763 | D:2      | Reached XP level 4. HP: 35/35 MP: 4/4
   971 | D:2      | XOM: harmless Ice miscast
   991 | D:2      | Reached skill level 4 in Long Blades
   996 | D:2      | Noticed Robin
  1007 | D:2      | XOM: smoke on damage
  1046 | D:2      | XOM: smoke on damage
  1049 | D:2      | Killed Robin
  1307 | D:2      | Reached XP level 5. HP: 39/41 MP: 5/5
  1713 | D:3      | Reached skill level 1 in Stealth
  1748 | D:3      | XOM: summons 2 hostile demons
  1883 | D:3      | Noticed Terence
  1916 | D:3      | Killed Terence
  1916 | D:3      | Reached XP level 6. HP: 48/48 MP: 6/6
  2545 | D:4      | Reached skill level 5 in Long Blades
  2607 | D:4      | Found a runed translucent gate.
  2669 | D:4      | XOM: harmless Tloc miscast
  2708 | D:4      | XOM: harmless Chrm miscast
  2858 | D:4      | Found Cifecotim's Antique Weapon Emporium.
  3004 | D:4      | Noticed Sassenached's ghost (amateur DsWn)
  3005 | D:4      | Found a runed translucent gate.
  3005 | D:4      | Found a runed translucent gate.
  3006 | D:4      | Found a roughly hewn altar of Beogh.
  3023 | D:4      | Noticed an ogre
  3035 | D:4      | Killed an ogre
  3035 | D:4      | Reached XP level 7. HP: 45/54 MP: 7/7
  3138 | D:4      | XOM: harmless Ice miscast
  3414 | D:4      | XOM: potion effect (might)
  3421 | D:5      | Entered Level 5 of the Dungeon
  3701 | D:5      | Found an ancient bone altar of Kikubaaqudgha.
  3727 | D:5      | Found a snail-covered altar of Cheibriados.
  3777 | D:5      | XOM: silly message
  3785 | D:5      | XOM: silly message
  3864 | D:5      | XOM: divination: detect items
  4075 | D:5      | XOM: harmless Fire miscast
  4078 | D:5      | XOM: potion effect (curing)
  4081 | D:5      | XOM: divination: detect items
  4090 | D:5      | Slain by an iguana

Skill      XL: |  1  2  3  4  5  6 |
---------------+-------------------+-----
Long Blades    | 4 5 |  5.9
Stealth        | 1 |  1.9
Dodging        | 2 |  2.4
Armour         | 3 |  3.8
Fighting       | 4 |  4.3
Throwing       | |  0.9

Action                   |  1- 3 |  4- 6 |  7- 9 || total
-------------------------+-------+-------+-------++-------
Melee: Falchion          |    87 |   227 |    41 ||   355
Throw: Stone             |       |     2 |       ||     2
       Javelin           |       |    14 |     6 ||    20
Evoke: Wand              |       |     1 |       ||     1
  Use: Potion            |       |     2 |     4 ||     6
       Scroll            |       |     6 |     3 ||     9
 Stab: Sleeping          |     3 |     7 |       ||    10
       Paralysed         |       |     1 |     3 ||     4
       Confused          |       |     2 |       ||     2
  Eat: Chunk             |       |     7 |     4 ||    11
Armor: Leather armour    |    34 |    56 |       ||    90
       Chain mail        |       |    44 |    23 ||    67
Dodge: Dodged            |    57 |   105 |    11 ||   173
       Rpst.: Falchion   |    17 |    27 |     2 ||    46
